 Dungeon Crawl Stone Soup version 0.16.0-14-g63f578d (webtiles) character file.

242 Palladion the Chiller (level 5, -4/35 HPs)
             Began as a Demonspawn Ice Elementalist on Mar 19, 2015.
             Slain by an ogre
             ... wielding a +0 giant spiked club
             ... summoned by a shadow trap
             ... triggered by an orc
              (20 damage)
             ... on level 4 of the Dungeon.
             The game lasted 00:07:35 (2775 turns).

Palladion the Chiller (Demonspawn Ice Elementalist) Turns: 2775, Time: 00:07:36

Health: -4/35      AC:  2    Str:  9    XL:     5   Next: 82%
Magic:  1/13       EV: 14    Int: 17    God:
Gold:   90         SH:  0    Dex: 13    Spells: 2 memorised, 7 levels left

rFire  . . .     SeeInvis .     n - +0 dagger (elec)
rCold  . . .     Clarity  .     a - +0 robe
rNeg   . . .     SustAb   .     (no shield)
rPois  .         Gourm    .     (helmet restricted)
rElec  .         Spirit   .     (no cloak)
rCorr  .         Warding  .     (no gloves)
rMut   .         Stasis   .     (no boots)
MR     .....                    (no amulet)
Stlth  ++........               (no ring)
                                (no ring)

@: not resistant to hostile enchantments, unstealthy
A: antennae 1, repulsion field 1, demonic guardian 1
a: no special abilities


You were on level 4 of the Dungeon.
You were not hungry.

You visited 1 branch of the dungeon, and saw 4 of its levels.

You collected 90 gold pieces.

Inventory:

Hand weapons
 i - a +0 hunting sling
 n - a +0 dagger of electrocution (weapon)
Armour
 a - a +0 robe (worn)
 v - a +0 shield
Jewellery
 p - a cursed ring of teleportation {unknown}
Magical devices
 w - a wand of frost (19)
Scrolls
 d - 6 scrolls of identify {unknown}
 f - 4 scrolls of teleportation {unknown}
 h - 4 scrolls of remove curse {unknown}
 k - 2 scrolls of fog {unknown}
 r - a scroll of enchant armour {unknown}
Potions
 e - a potion of agility {unknown}
 j - 2 potions of restore abilities {unknown}
 m - 2 potions of cancellation {unknown}
 o - a potion of cure mutation {unknown}
 q - a potion of magic {unknown}
 u - a potion of curing
Books
 b - a book of Frost

   Spells                             Type                      Level
   a - Freeze                         Ice                          1
   b - Throw Frost                    Conjuration/Ice              2
   c - Ozocubu's Armour               Charms/Ice                   3
   d - Throw Icicle                   Conjuration/Ice              4
   e - Summon Ice Beast               Ice/Summoning                4
   f - Condensation Shield            Ice                          4
 x - a book of Envenomations

   Spells                             Type                      Level
   a - Spider Form                    Transmutation/Poison         3
   b - Alistair's Intoxication        Transmutation/Poison         4
   c - Olgreb's Toxic Radiance        Poison                       4
   d - Poisonous Cloud                Conjuration/Poison/Air       6
Comestibles
 c - 5 bread rations
 l - 2 fruits
 s - a meat ration
 t - a slice of pizza


   Skills:
 - Level 1.7 Dodging
 - Level 1.7 Stealth
 + Level 4.2 Spellcasting
   Level 1.0 Conjurations
 + Level 4.6 Ice Magic


You had 7 spell levels left.
You knew the following spells:

 Your Spells              Type           Power        Failure   Level  Hunger
a - Freeze                Ice            ###.         2%          1    None
b - Olgreb's Toxic Radia  Pois           #.......     98%         4    ####...


Dungeon Overview and Level Annotations

Branches:
Dungeon (4/15)
 Temple: D:4-7

Altars:
Fedhas
Kikubaaqudgha
Makhleb
Okawaru


Innate Abilities, Weirdness & Mutations

You have a pair of small antennae on your head.
You are surrounded by a mild repulsion field (EV +2).
A weak demonic guardian rushes to your aid.


Message History

Casting: Freeze
Confirm with . or Enter, or press ? or * to list all spells.
Aiming: Freeze
Press: ? - help, Shift-Dir - straight line, f/p - ogre
Aim: an ogre, wielding a giant spiked club (heavily wounded, summoned)
You freeze the ogre.
The ogre is severely wounded.
Your ufetubus barely misses the ogre. x2
Your ufetubus hits the ogre. x2
Casting: Freeze
Confirm with . or Enter, or press ? or * to list all spells.
Aiming: Freeze
Press: ? - help, Shift-Dir - straight line, f/p - ogre
Aim: an ogre, wielding a giant spiked club (almost dead, summoned)
You freeze the ogre.
The ogre is almost dead.
Your ufetubus closely misses the ogre.
Your ufetubus barely misses the ogre.
The ogre hits you with a giant spiked club!!
Ouch! That really hurt!
You die...

##.O# #..##
#...# #..
##.##
##..##
#..## #..
#.)##
##..###.#
#.. ##..#
##.....#
#.. #.g##
##....# #..
###o##
##...# ##..
##o##
##...#
#####...
##o###...##
#.......
##O@5..##
##(.##..
##5...#
#..###.
###### #.##
## ### #


You could see an ogre, a gnoll, 3 orcs, a friendly white imp and a friendly
ufetubus.

Vanquished Creatures
  Sigmund (D:3)
  A scorpion (D:4)
  A goliath beetle (D:4)
  7 adders
  4 oozes
  5 orcs
  2 ball pythons
  A giant cockroach (D:3)
  3 goblins
  5 hobgoblins
  4 jackals (D:1)
  9 kobolds
  8 bats
  2 giant newts (D:1)
  11 rats
64 creatures vanquished.

Vanquished Creatures (collateral kills)
  An orc (D:4)
  A hobgoblin (D:3)
  A quokka (D:4)
3 creatures vanquished.

Vanquished Creatures (others)
  A quasit (D:3)
  2 crimson imps (D:4)
  An iron imp (D:4)
  4 ufetubi
8 creatures vanquished.

Grand Total: 75 creatures vanquished

Notes
Turn   | Place    | Note
--------------------------------------------------------------
     0 | D:1      | Palladion, the Demonspawn Ice Elementalist, began the quest for the Orb.
     0 | D:1      | Reached XP level 1. HP: 13/13 MP: 3/3
   113 | D:1      | Reached skill level 3 in Ice Magic
   128 | D:1      | Gained mutation: A weak demonic guardian rushes to your aid. [demonic ancestry]
   128 | D:1      | Reached XP level 2. HP: 5/19 MP: 0/4
   931 | D:2      | Gained mutation: You have a pair of small antennae on your head. [demonic ancestry]
   931 | D:2      | Reached XP level 3. HP: 16/24 MP: 3/6
  1628 | D:3      | Reached XP level 4. HP: 26/30 MP: 7/9
  1720 | D:3      | Found an ancient bone altar of Kikubaaqudgha.
  1721 | D:3      | Found a blossoming altar of Fedhas.
  1785 | D:3      | Found a burning altar of Makhleb.
  2090 | D:3      | Noticed Sigmund
  2103 | D:3      | Killed Sigmund
  2103 | D:3      | Reached skill level 4 in Ice Magic
  2103 | D:3      | Gained mutation: You are surrounded by a mild repulsion field (EV +2). [demonic ancestry]
  2103 | D:3      | Reached XP level 5. HP: 24/35 MP: 4/11
  2582 | D:4      | Found an iron altar of Okawaru.
  2604 | D:4      | Learned a level 4 spell: Olgreb's Toxic Radiance
  2741 | D:4      | Noticed an ogre
  2775 | D:4      | Slain by an ogre

Action                   |  1- 3 |  4- 6 || total
-------------------------+-------+-------++-------
Melee: Unarmed           |    54 |       ||    54
       Dagger            |    28 |    29 ||    57
 Cast: Freeze            |    48 |    47 ||    95
  Use: Potion            |     1 |     2 ||     3
 Stab: Sleeping          |     1 |       ||     1
  Eat: Chunk             |     1 |     5 ||     6
